 Dungeon Sprint DCSS version 0.30-a0-852-g08b95dd62f (webtiles) character file.

Game seed: 14480297082834519652

123 dialectric the Trooper (level 4, -1/40 HPs)
             Began as a Demonspawn Fighter on Mar 5, 2023.
             Slain by a neqoxec (9 damage)
             ... in the Dungeon (Sprint II: "The Violet Keep of Menkaure").
             The game lasted 00:00:56 (40 turns).

dialectric the Trooper (Demonspawn Fighter)           Turns: 40, Time: 00:00:56

Health: -1/40      AC:  9    Str: 17      XL:     4   Next: 79%
Magic:  2/2        EV:  9    Int:  7 (9)  God:
Gold:   0          SH:  0    Dex: 14      Spells: 3/3 levels left

rFire   . . .      SeeInvis .    a - +0 long sword
rCold   . . .      Faith    .    (no shield)
rNeg    . . .      Spirit   .    b - +0 scale mail
rPois   .          Reflect  .    (no helmet)
rElec   .          Rampage  .    (no cloak)
rCorr   .          NoTele   +    (no gloves)
Will    .....                    (no boots) Stlth
                                 (no amulet)
HPRegen 0.26/turn                (no ring)
MPRegen 0.08/turn                (no ring)

@: on berserk cooldown, unable to read, unable to drink
A: yellow scales 1, low MP 3, inability to drink after injury 1, inability to
read after injury 1, noise suppression
a: no special abilities


You were in the Dungeon.
You visited 1 branch

Inventory:

Hand Weapons
 a - a +0 long sword (weapon)
Armour
 b - a +0 scale mail (worn)
 c - a +0 buckler
Scrolls
 j - a scroll of blinking
Potions
 d - a potion of might
 e - a potion of curing
 f - a potion of heal wounds
 g - a potion of haste
 h - 2 potions of magic


   Skills:
 + Level 6.0 Fighting
 + Level 3.8 Long Blades
 + Level 5.3 Armour
 * Level 0.3 Dodging
 - Level 5.1 Shields


You had 3 spell levels left.
You didn't know any spells.
Your spell library was empty.

Dungeon Overview and Level Annotations

Branches:
Dungeon (1/1)

Altars:


Innate Abilities, Weirdness & Mutations

You are partially covered in yellow scales. (AC +2)
Your magical capacity is extremely low. (-30% MP)
You occasionally lose the ability to drink potions when taking damage.
You occasionally lose the ability to read scrolls when taking damage.
You passively dampen the noise of your surroundings.


Message History

The neqoxec gestures at you.
You feel dopey. Something feeds on your intellect!
The neqoxec hits you but does no damage.
You hit the neqoxec but do no damage.
The neqoxec is moderately wounded.
The neqoxec misses you. The neqoxec gestures at you.
Strange energies course through your body.
You feel less energetic.
You barely miss the neqoxec.
The neqoxec is moderately wounded.
The neqoxec hits you. The neqoxec barely misses you.
You hit the neqoxec but do no damage.
The neqoxec is moderately wounded.
You feel yourself speed up. The neqoxec hits you.
You feel threatened and lose the ability to read scrolls!
You feel threatened and lose the ability to drink potions!
* * * LOW HITPOINT WARNING * * *
The neqoxec closely misses you.
You hit the neqoxec.
The neqoxec is moderately wounded.
The neqoxec closely misses you.
You miss the neqoxec.
The neqoxec is moderately wounded.
You can read scrolls again.
The neqoxec gestures at you.
Strange energies course through your body.
You feel less energetic.
You cannot drink potions in your current state!
Unknown command.
You cannot drink potions in your current state!
You hit the neqoxec.
The neqoxec is heavily wounded.
You can drink potions again.
The neqoxec hits you!
You feel threatened and lose the ability to read scrolls!
You feel threatened and lose the ability to drink potions!
You die...

#+#
###.##
#@.<.+
#3##.##
#.# #+#
##


You could see a neqoxec.

Vanquished Creatures
  A neqoxec (D)
1 creature vanquished.

Notes
Turn   | Place    | Note
-------+----------+-------------------------------------------
     0 | D        | dialectric the Demonspawn Fighter began the quest for the
                  | Orb.
     0 | D        | Reached XP level 1. HP: 18/18 MP: 1/1
     8 | D        | Noticed a neqoxec
     8 | D        | Gained mutation: You passively dampen the noise of your
                  | surroundings. [a neqoxec]
    11 | D        | Noticed a neqoxec
    17 | D        | Gained mutation: Your magical capacity is low. (-10% MP) [a
                  | neqoxec]
    21 | D        | Gained mutation: You occasionally lose the ability to drink
                  | potions when taking damage. [a neqoxec]
    22 | D        | Killed a neqoxec
    23 | D        | Reached skill level 6 in Fighting
    23 | D        | Reached skill level 5 in Armour
    23 | D        | Reached skill level 5 in Shields
    23 | D        | Gained mutation: You are partially covered in yellow
                  | scales. (AC +2) [demonic ancestry]
    23 | D        | Reached XP level 2. HP: 16/28 MP: 1/1
    23 | D        | Reached XP level 3. HP: 19/34 MP: 2/2
    23 | D        | Reached XP level 4. HP: 23/40 MP: 3/3
    25 | D        | Noticed a neqoxec
    30 | D        | Gained mutation: You occasionally lose the ability to read
                  | scrolls when taking damage. [a neqoxec]
    35 | D        | Gained mutation: Your magical capacity is very low. (-20%
                  | MP) [a neqoxec]
    39 | D        | Gained mutation: Your magical capacity is extremely low.
                  | (-30% MP) [a neqoxec]
    40 | D        | Slain by a neqoxec

Illustrated notes

Levels and vault maps discovered:
D:        the_violet_keep_of_menkaure [sprint2_stairs_cluster_1,
          sprint2_shoproom, sprint2_temple, sprint2_basic_supplies,
          sprint2_obstacle_6, sprint2_obstacle_1, sprint2_obstacle_3,
          sprint2_obstacle_5, sprint2_obstacle_2, sprint2_timed_cluster_1,
          sprint2_smallroom_cluster_1, sprint2_smallroom_final_cluster_1,
          sprint2_transparent_cluster_1, sprint2_second_timed_cluster_1,
          sprint2_sniper_area_1, sprint2_heavy_combat_area_1,
          sprint2_mutation_trap_area_1, sprint2_forest_area_1,
          sprint2_light_combat_area_1, sprint2_behind_water_1,
          sprint2_near_end_vault_1]

Skill      XL: |  1 |
---------------+----+-----
Fighting       | 6 |  6.0
Long Blades    | 3 |  3.8
Armour         | 5 |  5.3
Shields        | 5 |  5.1
Dodging        | |  0.3

Action                     |  1- 3 |  4- 6 || total
---------------------------+-------+-------++-------
  Melee: Long sword        |    11 |    16 ||    27
    Use: Potion            |     1 |       ||     1
 Armour: Scale mail        |     1 |     7 ||     8
  Dodge: Dodged            |     3 |    10 ||    13

Table legend: (Time is in decaauts)
 A = Elapsed time spent in this place.
 B = Non-inter-level travel time spent in this place.
 C = Inter-level travel time spent in this place.
 D = Time resting spent in this place.
 E = Time spent auto-exploring this place.
 F = Levels seen in this place.
 G = Mean time per level.
                   A        B        C        D        E       F      G
               +--------+--------+--------+--------+--------+-----+--------+
         Total |     49 |     49 |      0 |      0 |      0 |   1 |   49.0 |
       Dungeon |     49 |     49 |      0 |      0 |      0 |   1 |   49.0 |
               +--------+--------+--------+--------+--------+-----+--------+

Top non-repeatable levels by time:
       D: 49 daAuts
